 Dungeon Crawl Stone Soup version 0.21.1-1-g345015f (webtiles) character file.

991 Falco the Chopper (level 7, 57/66 HPs)
             Began as a Deep Dwarf Monk on May 20, 2018.
             Quit the game on level 5 of the Dungeon.
             The game lasted 00:16:17 (3435 turns).

Falco the Chopper (Deep Dwarf Monk)                 Turns: 3435, Time: 00:16:18

Health: 57/66      AC: 13    Str: 16    XL:     7   Next: 98%
Magic:  5/5        EV:  9    Int: 11    God:
Gold:   136        SH:  0    Dex: 15    Spells: 6/6 levels left

rFire    + . .     SeeInvis .   a - +0 hand axe
rCold    . . .     Gourm    .   (no shield)
rNeg     . . .     Faith    .   q - +1 chain mail {rF+}
rPois    .         Spirit   .   (no helmet)
rElec    .         Reflect  .   t - +1 cloak
rCorr    .         Harm     .   (no gloves)
MR       +....                  (no boots)
Stlth    ..........             (no amulet)
HPRegen  0.00/turn              (no ring)
MPRegen  0.09/turn              (no ring)

@: mildly poisoned (57 -> 57), non-regenerating
A: damage resistance, heal wounds, sense surroundings 1, no regeneration
a: Heal Wounds


You were on level 5 of the Dungeon.
You were not hungry.

You visited 1 branch of the dungeon, and saw 5 of its levels.

You collected 136 gold pieces.

Inventory:

Hand Weapons
 a - a +0 hand axe (weapon)
 b - a +0 hunting sling
Missiles
 e - 202 stones (quivered)
 j - 45 sling bullets
 k - 19 poisoned needles
Armour
 i - a +0 ring mail
 q - a +1 chain mail of fire resistance (worn)
 t - a +1 cloak (worn)
Wands
 r - a wand of iceblast (8)
 s - a wand of flame (15)
Scrolls
 d - 3 scrolls of remove curse
 f - a scroll of teleportation
Potions
 g - 2 potions of curing {unknown}
 l - a potion of heal wounds {unknown}
 m - a potion of degeneration {unknown}
Books
 h - a book of Misfortune

   Spells                             Type                      Level
   a - Confusing Touch                Hexes                        1
   b - Confuse                        Hexes                        3
   c - Gell's Gravitas                Translocation                3
   d - Petrify                        Transmutation/Earth          4
   e - Metabolic Englaciation         Hexes/Ice                    5
   f - Yara's Violent Unravelling     Hexes/Transmutation          5
 p - a book of Changes

   Spells                             Type                      Level
   a - Beastly Appendage              Transmutation                1
   b - Sticks to Snakes               Transmutation                2
   c - Spider Form                    Transmutation/Poison         3
   d - Ice Form                       Ice/Transmutation            4
   e - Blade Hands                    Transmutation                5
Comestibles
 c - 9 rations


   Skills:
 + Level 4.4 Fighting
 + Level 6.7 Axes
 + Level 0.7(0.8) Slings
 + Level 0.2(0.4) Throwing
 + Level 5.0 Armour
 + Level 5.0 Dodging
 + Level 3.3 Stealth


You had 6 spell levels left.
You didn't know any spells.

Dungeon Overview and Level Annotations

Branches:
Dungeon (5/15)
 Temple: D:4-7

Altars:
Ashenzari
Hepliaklqana
Nemelex Xobeh
Uskayaw


Innate Abilities, Weirdness & Mutations

You are resistant to damage.
You can heal yourself by infusing magical energy.
You passively map a small area around you.
You do not regenerate.


Message History

The worker ant is heavily wounded.
The worker ant bites you but does no damage.
You hit the worker ant.
The worker ant is almost dead.
The worker ant bites you but does no damage.
You hit the worker ant but do no damage.
The worker ant is almost dead.
The worker ant bites you.
You are poisoned.
The worker ant poisons you!
You hit the worker ant but do no damage.
The worker ant is almost dead.
The worker ant barely misses you. x2
You hit the worker ant.
You kill the worker ant!
h - a book of Misfortune
Okay, then.
Save game and exit?
Okay, then.
Are you sure you want to abandon this character and quit the game? (Confirm with "yes".)

##.............#####..#
#.#...........### #..#
#.$.............## #..
#.....†.........#* ..
##...............#
#...............#
##...............#
##...............##
#.....@.......####
#.....#.....###
#....##.##### #...##
#.. ** #..# #.# ### *.#
.. , , .. , *


There were no monsters in sight!

Vanquished Creatures
  Pikel (D:4)
  2 ogres (D:4)
  A bullfrog (D:4)
  A scorpion (D:4)
  Crazy Yiuf (D:4)
  A hound (D:4)
  Terence (D:3)
  An orc wizard (D:4)
  2 worker ants
  A hound skeleton (D:5)
  5 adders
  An ooze (D:3)
  A worm (D:4)
  3 dart slugs
  4 leopard geckos
  6 orcs
  4 giant cockroaches
  8 goblins
  8 hobgoblins
  8 jackals
  2 kobolds (D:1)
  2 quokkas
  3 ball pythons
  A ball python skeleton (D:4)
  14 bats
  5 frilled lizards
  6 rats
93 creatures vanquished.

Vanquished Creatures (others)
  2 slaves (D:4)
  An orc wizard (D:4)
  A leopard gecko (D:4)
  2 orcs (D:4)
  A quokka skeleton (D:4)
7 creatures vanquished.

Grand Total: 100 creatures vanquished

Notes
Turn   | Place    | Note
-------+----------+-------------------------------------------
     0 | D:1      | Falco the Deep Dwarf Monk began the quest for the Orb.
     0 | D:1      | Reached XP level 1. HP: 20/20 MP: 1/1
   194 | D:1      | Reached XP level 2. HP: 22/27 MP: 2/2
   485 | D:1      | Reached XP level 3. HP: 25/34 MP: 3/3
   819 | D:2      | Reached skill level 4 in Axes
   935 | D:2      | Reached XP level 4. HP: 27/42 MP: 3/3
  1834 | D:3      | Noticed Terence
  1853 | D:3      | Killed Terence
  1947 | D:3      | Reached XP level 5. HP: 40/49 MP: 4/4
  2401 | D:4      | Reached skill level 1 in Armour
  2419 | D:4      | Noticed a slave
  2419 | D:4      | Noticed a slave
  2420 | D:4      | Noticed a slave
  2421 | D:4      | Noticed Pikel
  2421 | D:4      | Noticed an ogre
  2429 | D:4      | Noticed a slave
  2482 | D:4      | Killed Pikel
  2482 | D:4      | Reached skill level 6 in Axes
  2482 | D:4      | Reached XP level 6. HP: 22/57 MP: 4/4
  2482 | D:4      | Reached XP level 7. HP: 25/64 MP: 5/5
  2633 | D:4      | Found a runed door.
  2869 | D:4      | Found a hide-covered altar of Uskayaw.
  2872 | D:4      | Found a hazy altar of Hepliaklqana.
  2881 | D:4      | Found a shattered altar of Ashenzari.
  2890 | D:4      | Found a sparkling altar of Nemelex Xobeh.
  3190 | D:4      | Reached skill level 5 in Dodging
  3320 | D:4      | Noticed Crazy Yiuf
  3323 | D:4      | Paralysed by Crazy Yiuf for 2 turns
  3330 | D:4      | Killed Crazy Yiuf
  3378 | D:5      | Entered Level 5 of the Dungeon
  3411 | D:5      | Reached skill level 5 in Armour
  3435 | D:5      | Quit the game

Skill      XL: |  1  2  3  4  5  6  7 |
---------------+----------------------+-----
Fighting       | 3 4 |  4.4
Stealth        | 3 |  3.3
Axes           | 4 6 |  6.7
Dodging        | 4 5 |  5.0
Armour         | 3 5 |  5.0
Slings         | |  0.7
Throwing       | |  0.2

Action                   |  1- 3 |  4- 6 |  7- 9 || total
-------------------------+-------+-------+-------++-------
Melee: Hand axe          |   143 |   166 |   115 ||   424
 Fire: Hunting sling     |       |    14 |       ||    14
Throw: Stone             |    13 |     1 |       ||    14
 Abil: Heal Wounds       |     1 |     6 |     8 ||    15
  Use: Scroll            |     2 |     2 |     3 ||     7
 Stab: Sleeping          |     3 |     1 |     1 ||     5
  Eat: Ration            |       |     2 |     1 ||     3
Armor: Robe              |    51 |       |       ||    51
       Ring mail         |       |    58 |    16 ||    74
       Chain mail        |       |       |    27 ||    27
Dodge: Dodged            |   152 |   135 |    60 ||   347
